 Dungeon Crawl Stone Soup version 0.21.1-1-g345015f (webtiles) character file.

3416 wojtek the Basher (level 10, -9/60 HPs)
             Began as a Gargoyle Fighter on July 19, 2018.
             Was a Follower of Makhleb.
             Killed from afar by aaksess's ghost (15 damage)
             ... with a shard of ice
             ... on level 8 of the Dungeon.
             The game lasted 00:13:14 (7596 turns).

wojtek the Basher (Gargoyle Fighter)                Turns: 7596, Time: 00:13:14

Health: -9/60      AC: 21    Str: 24    XL:     10   Next: 5%
Magic:  14/14      EV:  6    Int:  8    God:    Makhleb [*.....]
Gold:   451        SH: 10    Dex:  9    Spells: 9/9 levels left

rFire    . . .     SeeInvis .   L - +1 whip (freeze)
rCold    . . .     Gourm    .   c - +0 shield
rNeg     + . .     Faith    .   C - +0 plate armour
rPois    ∞         Spirit   .   (no helmet)
rElec    +         Reflect  .   I - +0 cloak
rCorr    .         Harm     .   (no gloves)
MR       .....                  (no boots)
Stlth    ..........             (no amulet)
HPRegen  0.20/turn              (no ring)
MPRegen  0.14/turn              (no ring)

@: no status effects
A: negative energy resistance 1, electricity resistance, unbreathing,
petrification resistance, rot immunity, AC +7
a: Renounce Religion


You were on level 8 of the Dungeon.
You worshipped Makhleb.
Makhleb was aware of your devotion.
You were not hungry.

You visited 2 branches of the dungeon, and saw 8 of its levels.
You also visited: Ossuary.

You collected 451 gold pieces.

Inventory:

Hand Weapons
 a - a +0 flail
 b - a cursed -1 mace
 A - a +0 morningstar
 L - a +1 whip of freezing (weapon)
Armour
 c - a +0 shield (worn)
 k - a +0 scale mail
 C - a +0 plate armour (worn)
 D - a +1 leather armour of fire resistance
 I - a +0 cloak (worn)
Jewellery
 r - an uncursed ring of protection from magic {unknown}
 K - an uncursed ring of ice {unknown}
Wands
 n - a wand of random effects (18)
 x - a wand of polymorph (16)
 B - a wand of flame (21)
 G - a wand of clouds (4)
 J - a wand of iceblast (9)
Scrolls
 e - 3 scrolls of teleportation {unknown}
 h - 9 scrolls of identify {unknown}
 i - 2 scrolls of fear {unknown}
 j - 3 scrolls of amnesia
 m - 2 scrolls of noise {unknown}
 p - a scroll of enchant weapon {unknown}
 w - a scroll of remove curse {unknown}
 y - 2 scrolls of torment {unknown}
 z - a scroll of immolation {unknown}
 E - 2 scrolls of fog {unknown}
 H - 2 scrolls of enchant armour {unknown}
 M - a scroll of magic mapping {unknown}
Potions
 d - 2 potions of might
 g - 2 potions of mutation {unknown}
 l - a potion of magic {unknown}
 o - a potion of flight {unknown}
 q - a potion of lignification {unknown}
 s - 2 potions of curing {unknown}
 t - a potion of ambrosia {unknown}
 u - 2 potions of heal wounds
 v - a potion of berserk rage {unknown}
 F - a potion of cancellation {unknown}
Comestibles
 f - 9 rations


   Skills:
 + Level 6.2 Fighting
 - Level 8.6 Maces & Flails
 + Level 6.3 Armour
 + Level 3.9 Dodging
 + Level 6.2 Shields
 * Level 5.5 Invocations


You had 9 spell levels left.
You didn't know any spells.

Dungeon Overview and Level Annotations

Branches:
Dungeon (8/15)             Temple (1/1) D:5
   Lair: D:8-11

Altars:
Ashenzari
Cheibriados
Dithmenos
Elyvilon
Fedhas
Gozag
Hepliaklqana
Kikubaaqudgha
Makhleb
Nemelex Xobeh
Okawaru
Qazlal
Ru
Sif Muna
Trog
Uskayaw
Vehumet
Wu Jian
Xom
Yredelemnul
Zin
The Shining One

Annotations:
D:5 dblade dig
D:6 Space's ghost, novice DsGl
D:7 Space's ghost, novice DsGl
D:8 aaksess's ghost, novice BaIE


Innate Abilities, Weirdness & Mutations

You are resistant to torment.
Your stone body is resilient. (AC +7)
You are immune to poison.
You resist negative energy. (rN+)
You are resistant to electric shocks. (rElec)
You can survive without breathing.
You are immune to petrification.
You are immune to rotting.


Message History

There's nothing to close nearby.
There's nothing to close nearby.
There's nothing to close nearby.
There's nothing to close nearby.
There's nothing to close nearby.
You start resting.
There's a creature in the doorway!
There's a creature in the doorway!
As you read the scroll labeled DAPIFA YXTIGOSH, it crumbles to dust.
It is a scroll of amnesia.
You feel forgetful for a moment. You block aaksess's ghost's attack.
Aaksess's ghost points at you and mumbles some strange words.
The blast of sand hits you!
* * * LOW HITPOINT WARNING * * *
Aaksess's ghost points at you and mumbles some strange words.
The shard of ice misses you.
Aaksess's ghost screams, "You will never get the ORB!"
Aaksess's ghost casts a spell at you. The shard of ice hits you!
You die...

##### ##### #...# #...#
#...######...######
+...'W...@...'.>..########
#...######...##...........
#...# ######.....#...#.
........................###.###
.........####............#...#.
.........# ............_...
...(...... ..........#...#.
...#....... #####....###.###
...#....... #.....#...#.


You could see aaksess's ghost.

Vanquished Creatures
  Pikel (D:7)
  Grinder (D:5)
  Eustachio (D:5)
  Menkaure (D:7)
  2 ice beasts
  An orc warrior (D:5)
  2 sky beasts
  A slave (D:7)
  An ogre (D:7)
  A centaur (D:5)
  Blork the orc (D:5)
  2 bullfrogs
  3 gnoll sergeants (D:5)
  2 scorpions (D:4)
  2 wights (D:5)
  2 crimson imps
  A centaur zombie (Ossuary)
  A hound (D:6)
  5 human zombies (Ossuary)
  A centaur skeleton (D:6)
  4 orc priests
  5 orc wizards
  Crazy Yiuf (D:6)
  4 iguanas (D:5)
  10 worker ants
  2 big kobold zombies (Ossuary)
  3 hound zombies (Ossuary)
  A howler monkey zombie (D:6)
  3 mummies (Ossuary)
  3 gnolls (D:2)
  A howler monkey skeleton (D:4)
  9 adders
  A shadow imp (D:6)
  3 adder zombies (Ossuary)
  7 worms
  2 leopard geckos (D:1)
  17 orcs
  3 giant cockroaches
  7 hobgoblins
  11 jackals
  2 kobolds (D:1)
  2 quokkas (D:6)
  5 bats
  4 frilled lizards
  9 goblins
  A goblin zombie (Ossuary)
  2 hobgoblin zombies (Ossuary)
  4 jackal zombies (Ossuary)
  2 kobold zombies (Ossuary)
  3 orc zombies (Ossuary)
  4 quokka zombies (Ossuary)
  8 rats
  5 rat zombies (Ossuary)
180 creatures vanquished.

Vanquished Creatures (others)
  A slave (D:7)
  A bullfrog zombie (D:7)
  A hound (D:7)
3 creatures vanquished.

Grand Total: 183 creatures vanquished

Notes
Turn   | Place    | Note
-------+----------+-------------------------------------------
     0 | D:1      | wojtek the Gargoyle Fighter began the quest for the Orb.
     0 | D:1      | Reached XP level 1. HP: 14/14 MP: 1/1
   120 | D:1      | Reached XP level 2. HP: 6/19 MP: 2/2
   442 | D:1      | Reached skill level 3 in Maces & Flails
   541 | D:1      | Reached XP level 3. HP: 23/23 MP: 3/3
   570 | D:1      | Found a sparkling altar of Nemelex Xobeh.
   988 | D:2      | Reached skill level 4 in Maces & Flails
  1050 | D:2      | Reached XP level 4. HP: 28/28 MP: 4/4
  1268 | D:2      | Found a shattered altar of Ashenzari.
  1549 | D:2      | You fall through a shaft for 2 floors!
  1563 | D:4      | Reached skill level 5 in Maces & Flails
  1642 | D:4      | Reached XP level 5. HP: 32/32 MP: 5/5
  1805 | D:4      | Reached skill level 6 in Maces & Flails
  1885 | D:4      | Reached XP level 6. HP: 29/37 MP: 6/6
  2247 | D:4      | Reached skill level 7 in Maces & Flails
  2422 | D:4      | Reached XP level 7. HP: 23/41 MP: 7/7
  2545 | D:5      | Entered Level 5 of the Dungeon
  2559 | D:5      | Found a sand-covered staircase.
  2564 | Ossuary  | Entered an ossuary
  2610 | Ossuary  | Reached skill level 8 in Maces & Flails
  2857 | Ossuary  | Reached skill level 1 in Dodging
  2975 | Ossuary  | Reached XP level 8. HP: 46/48 MP: 8/8
  3275 | D:5      | Noticed Eustachio
  3280 | D:5      | Noticed Blork the orc
  3632 | D:5      | Killed Blork the orc
  3713 | D:5      | Killed Eustachio
  3966 | D:5      | Found a staircase to the Ecumenical Temple.
  3981 | Temple   | Entered the Ecumenical Temple
  4068 | Temple   | Became a worshipper of Makhleb the Destroyer
  4138 | D:5      | Reached skill level 1 in Invocations
  4348 | D:5      | Reached skill level 5 in Armour
  4382 | D:5      | Reached skill level 5 in Fighting
  4765 | D:6      | Noticed Space's ghost (novice DsGl)
  4844 | D:6      | Found an iron altar of Okawaru.
  4884 | D:5      | Reached skill level 5 in Shields
  4884 | D:5      | Reached XP level 9. HP: 31/54 MP: 10/10
  5061 | D:6      | Noticed Grinder
  5259 | D:5      | Killed Grinder
  5602 | D:6      | Reached * piety under Makhleb
  6291 | D:6      | Found a runed door.
  6295 | D:6      | Noticed Crazy Yiuf
  6303 | D:6      | Killed Crazy Yiuf
  6573 | D:7      | Noticed Pikel
  6602 | D:7      | Killed Pikel
  6635 | D:7      | Noticed Menkaure
  6640 | D:7      | Noticed Space's ghost (novice DsGl)
  6649 | D:7      | Killed Menkaure
  6649 | D:7      | Reached skill level 5 in Invocations
  7215 | D:7      | Reached XP level 10. HP: 51/60 MP: 12/14
  7498 | D:8      | Found a radiant altar of Vehumet.
  7542 | D:8      | Noticed aaksess's ghost (novice BaIE)
  7596 | D:8      | Killed from afar by aaksess's ghost

Skill      XL: |  1  2  3  4  5  6  7  8  9 |
---------------+----------------------------+-----
Maces & Flails | 3 4 5 6 7 8 |  8.6
Dodging        | 1 2 3 |  3.9
Armour         | 5 6 |  6.3
Fighting       | 5 6 |  6.2
Shields        | 5 6 |  6.2
Invocations    | 1 5 |  5.5

Action                   |  1- 3 |  4- 6 |  7- 9 | 10-12 || total
-------------------------+-------+-------+-------+-------++-------
Melee: Flail             |   142 |    84 |     7 |       ||   233
       Morningstar       |       |   111 |   511 |       ||   622
       Whip              |       |       |    58 |    47 ||   105
Evoke: Wand              |       |       |     2 |       ||     2
  Use: Scroll            |       |       |       |     1 ||     1
 Stab: Paralysed         |       |       |     1 |       ||     1
       Distracted        |       |       |       |     1 ||     1
  Eat: Chunk             |     1 |     4 |    14 |     1 ||    20
       Ration            |       |       |     1 |       ||     1
Armor: Scale mail        |    81 |   103 |   127 |       ||   311
       Chain mail        |       |       |   173 |       ||   173
       Plate armour      |       |       |    54 |    19 ||    73
       Skin              |       |       |     8 |       ||     8
Dodge: Dodged            |    50 |    62 |   145 |     5 ||   262
Block: Shield            |    89 |   100 |   316 |    16 ||   521
